 Dungeon Crawl Stone Soup version 0.17.0-26-gececa24 (webtiles) character file.

332 Raultor the Insei (level 6, -3/44 HPs)
             Began as an Octopode Monk on Nov 19, 2015.
             Slain by a slave (7 damage)
             ... led by Pikel
             ... on level 4 of the Dungeon.
             The game lasted 00:08:21 (3299 turns).

Raultor the Insei (Octopode Monk)                   Turns: 3299, Time: 00:08:21

Health: -3/44      AC:  1    Str: 12    XL:     6   Next: 52%
Magic:  6/6        EV: 14    Int: 12    God:
Gold:   97         SH:  0    Dex: 15    Spells: 0 memorised, 5 levels left

rFire  . . .     SeeInvis .       - Unarmed
rCold  . . .     Clarity  .     (no shield)
rNeg   . . .     SustAt   .     (helmet restricted)
rPois  .         Gourm    .     (no amulet)
rElec  .         Spirit   .     (no ring)
rCorr  .         Warding  .     (no ring)
rMut   .         Stasis   .     (no ring)
MR     .....                    (no ring)
Stlth  +++.......               (no ring)
                                (no ring)
                                (no ring)
                                (no ring)

@: not resistant to hostile enchantments, fairly stealthy
A: almost no armour, amphibious, 8 rings, constrict 8, camouflage 1, gelatinous
body 1
a: no special abilities


You were on level 4 of the Dungeon.
You were not hungry.

You visited 1 branch of the dungeon, and saw 4 of its levels.
You also visited: Ossuary.

You collected 97 gold pieces.

Inventory:

Missiles
 e - 117 stones (quivered)
Scrolls
 c - 2 scrolls of fear
 d - a scroll of fog {unknown}
 f - a scroll of magic mapping
 i - a scroll of blinking {unknown}
 l - 2 scrolls of identify
 p - a scroll of remove curse
 q - a scroll of enchant weapon {unknown}
Potions
 b - 2 potions of heal wounds {unknown}
 h - 3 potions of curing
 j - a potion of invisibility {unknown}
 k - a potion of poison {unknown}
 n - 4 potions of lignification {unknown}
 o - a potion of haste {unknown}
 r - a potion of resistance {unknown}
Comestibles
 a - a bread ration
 g - a meat ration
 m - a beef jerky
 s - 2 chunks of flesh


   Skills:
 + Level 4.4 Fighting
 + Level 4.3 Dodging
 - Level 2.6 Stealth
 + Level 6.0 Unarmed Combat


You had 5 spell levels left.
You didn't know any spells.

Dungeon Overview and Level Annotations

Branches:
Dungeon (4/15)
 Temple: D:4-7

Altars:
Nemelex Xobeh

Shops:
D:4 [

Annotations:
D:3 Sigmund


Innate Abilities, Weirdness & Mutations

You cannot wear most types of armour.
You are amphibious.
You can wear up to eight rings at the same time.
You can use your tentacles to constrict eight enemies at once.
Your skin changes colour to match your surroundings (Stealth).
Your rubbery body absorbs attacks (AC +1).


Message History

You constrict the slave, but do no damage.
The slave completely misses you.
You tentacle-slap the slave but do no damage.
You constrict the slave. The slave hits you!
* * * LOW HITPOINT WARNING * * *
You tentacle-slap the slave. You squeeze the slave.
The slave is moderately wounded.
You constrict the slave, but do no damage.
The slave completely misses you.
You tentacle-slap the slave but do no damage.
The slave is moderately wounded.
You constrict the slave. The slave barely misses you.
You tentacle-slap the slave but do no damage.
The slave is moderately wounded.
You constrict the slave. The slave hits you.
* * * LOW HITPOINT WARNING * * *
You tentacle-slap the slave. You squeeze the slave.
The slave is heavily wounded.
You constrict the slave. The slave hits you!
You die...

...###.....#......#,,,,,,,,,,,*
.....'....8'......#.......,,,,*
.....#.....#......#......,,,,,*
.....#..8.∩.8.....#.....#***+**
###+##.÷...#+##...#.....#,,,,****
..........8...#...#..../#,,,,**,,
..............#...#.....+,,,,,*,,
..............+...#.....#,,,,,*,,
..............#.@.#.....#,,,,,*,,
..............##p##.....#,,,,**,,
###########...........p.#,,,,**,,
*,,,,,#.............###+###,,
*,,,,,#...................#,,
*,,,,,#.............).....#,,
*,,,,,#...................',,
*****,,,,,+..<................#**
,,,**,,,,,#....................,,


You could see a slave.

Vanquished Creatures
  An orc priest (D:4)
  An iguana (D:4)
  A giant frog skeleton (D:4)
  A worker ant (D:4)
  4 big kobold zombies (Ossuary)
  A mummy (Ossuary)
  4 adders
  A worm (D:2)
  3 giant geckos
  4 orcs
  A ball python (D:1)
  7 bats
  3 giant cockroaches
  9 goblins
  6 hobgoblins
  4 jackals (D:3)
  2 bat simulacra (Ossuary)
  7 giant newts
  6 gnoll zombies (Ossuary)
  A goblin simulacrum (Ossuary)
  6 goblin zombies (Ossuary)
  4 hobgoblin zombies (Ossuary)
  3 kobolds
  7 kobold simulacra (Ossuary)
  4 kobold zombies (Ossuary)
  3 orc zombies (Ossuary)
  4 rats (D:2)
  4 rat simulacra (Ossuary)
  5 spectral goblins (Ossuary)
  4 spectral kobolds (Ossuary)
  4 spectral rats (Ossuary)
115 creatures vanquished.

Vanquished Creatures (others)
  A big kobold zombie (Ossuary)
  A gnoll zombie (Ossuary)
  An orc zombie (Ossuary)
3 creatures vanquished.

Grand Total: 118 creatures vanquished

Notes
Turn   | Place    | Note
--------------------------------------------------------------
     0 | D:1      | Raultor the Octopode Monk began the quest for the Orb.
     0 | D:1      | Reached XP level 1. HP: 16/16 MP: 1/1
   135 | D:1      | Reached XP level 2. HP: 21/21 MP: 2/2
   751 | D:2      | Reached XP level 3. HP: 23/26 MP: 3/3
   980 | D:2      | Reached XP level 4. HP: 28/31 MP: 4/4
  1855 | D:3      | Noticed Sigmund
  2192 | D:4      | Reached skill level 5 in Unarmed Combat
  2196 | D:4      | Found a sand-covered staircase.
  2204 | Ossuary  | Entered an ossuary
  2249 | Ossuary  | Reached XP level 5. HP: 29/37 MP: 5/5
  2924 | Ossuary  | Reached XP level 6. HP: 33/43 MP: 6/6
  3132 | D:4      | Found a sparkling altar of Nemelex Xobeh.
  3207 | D:4      | Found Fobu's Antique Armour Emporium.
  3278 | D:4      | Noticed a slave
  3278 | D:4      | Reached skill level 6 in Unarmed Combat
  3299 | D:4      | Slain by a slave

Action                   |  1- 3 |  4- 6 || total
-------------------------+-------+-------++-------
Melee: Unarmed           |    60 |   210 ||   270
Throw: Stone             |     1 |     1 ||     2
  Use: Potion            |       |     1 ||     1
       Scroll            |       |     3 ||     3
 Stab: Sleeping          |    11 |     9 ||    20
       Distracted        |       |     1 ||     1
  Eat: Chunk             |       |     3 ||     3
       Bread ration      |       |     1 ||     1
